 Dungeon Crawl Stone Soup version 0.17.1-1-g73c8601 (webtiles) character file.

77 MirrMurr the Sneak (level 4, -1/21 HPs)
             Began as a Spriggan Enchanter on Dec 21, 2015.
             Slain by a centaur (2 damage)
             ... on level 3 of the Dungeon.
             The game lasted 00:03:57 (2166 turns).

MirrMurr the Sneak (Spriggan Enchanter)             Turns: 2166, Time: 00:03:57

Health: -1/21      AC:  3    Str:  4    XL:     4   Next: 14%
Magic:  7/9        EV: 18    Int: 17    God:
Gold:   146        SH:  0    Dex: 16    Spells: 4 memorised, 0 levels left

rFire  . . .     SeeInvis +     a - +1 dagger
rCold  . . .     Clarity  .     b - +1 robe
rNeg   . . .     SustAt   .     (shield restricted)
rPois  .         Gourm    .     (helmet restricted)
rElec  .         Spirit   .     (no cloak)
rCorr  .         Warding  .     (gloves unavailable)
rMut   .         Stasis   .     (boots unavailable)
MR     .....                    (no amulet)
Stlth  ++++......               (no ring)
                                (no ring)

@: very quick, not resistant to hostile enchantments, stealthy
A: unfitting armour, see invisible, herbivore 3, speed 3, slow metabolism 2
a: no special abilities


You were on level 3 of the Dungeon.
You were not hungry.

You visited 1 branch of the dungeon, and saw 3 of its levels.

You collected 146 gold pieces.

Inventory:

Hand Weapons
 a - a +1 dagger (weapon)
 k - a +2 dagger of venom
Missiles
 g - 64 stones (quivered)
 i - 7 needles of confusion
Armour
 b - a +1 robe (worn)
Jewellery
 o - an uncursed ring of protection from magic {unknown}
Scrolls
 m - a scroll of teleportation
 n - a scroll of blinking
Potions
 e - 2 potions of mutation {unknown}
 f - a potion of might {unknown}
 h - 3 potions of haste {unknown}
 j - 2 potions of agility {unknown}
Books
 c - a book of Maledictions

   Spells                             Type                      Level
   a - Corona                         Hexes                        1
   b - Ensorcelled Hibernation        Hexes/Ice                    2
   c - Confuse                        Hexes                        3
   d - Tukima's Dance                 Hexes                        3
   e - Dazzling Spray                 Conjuration/Hexes            3
Comestibles
 d - 2 bread rations
 l - a slice of pizza


   Skills:
 - Level 1.1 Short Blades
 - Level 3.0 Dodging
 * Level 7.4 Stealth
 + Level 3.1 Spellcasting
 - Level 3.6 Hexes


You couldn't memorise any spells.
You knew the following spells:

 Your Spells              Type           Power        Failure   Level  Hunger
a - Ensorcelled Hibernat  Hex/Ice        #.....       14%         2    ##.....
b - Confuse               Hex            ###.....     14%         3    ###....
c - Corona                Hex            ###....      4%          1    None
d - Dazzling Spray        Conj/Hex       #.......     24%         3    ###....


Dungeon Overview and Level Annotations

Branches:
Dungeon (3/15)

Altars:
Gozag
Yredelemnul


Innate Abilities, Weirdness & Mutations

You are tiny and cannot use many weapons and most armour.
You have supernaturally acute eyesight.
You are a herbivore.
You cover ground extremely quickly.
You need consume almost no food.


Message History

You hit the orc.
The orc is almost dead.
The orc barely misses you.
You hit the orc.
You kill the orc!
The centaur wields a shortbow.
The centaur shoots an arrow.
The arrow hits you!
The centaur unwields an uncursed shortbow.
The centaur barely misses you.
Things that are here:
a morningstar; an orc corpse
Casting: Ensorcelled Hibernation
Confirm with . or Enter, or press ? or * to list all spells.
Aiming: Ensorcelled Hibernation
Press: ? - help, Shift-Dir - straight line, f - centaur
Aim: a centaur (chance to defeat MR: 39%)
The centaur resists with some effort.
The centaur hits you.
You hit the centaur but do no damage. The centaur hits you.
* * * LOW HITPOINT WARNING * * *
The centaur hits you.
You die...

##.#
#...#
#.#
##.#####
# #.#
#.....#
. #.#
#####.#
## #.#
#.# #.#
#.# #.#
#.# #(#
#@# #c#
#.# ..#
###


You could see a centaur.

Vanquished Creatures
  2 adders
  2 worms (D:2)
  3 giant geckos (D:1)
  An orc (D:3)
  5 bats
  A giant cockroach (D:1)
  5 goblins
  6 hobgoblins
  7 kobolds
  A ball python (D:1)
  3 giant newts
  7 rats
43 creatures vanquished.

Notes
Turn   | Place    | Note
--------------------------------------------------------------
     0 | D:1      | MirrMurr the Spriggan Enchanter began the quest for the Orb.
     0 | D:1      | Reached XP level 1. HP: 9/9 MP: 5/5
   117 | D:1      | Reached skill level 5 in Stealth
   195 | D:1      | Reached XP level 2. HP: 10/13 MP: 6/6
   199 | D:1      | Learned a level 2 spell: Ensorcelled Hibernation
   371 | D:1      | Reached skill level 6 in Stealth
   784 | D:1      | Reached XP level 3. HP: 11/16 MP: 8/8
   802 | D:1      | Learned a level 3 spell: Confuse
  1236 | D:2      | Found a basalt altar of Yredelemnul.
  1352 | D:2      | Reached skill level 7 in Stealth
  1403 | D:2      | Found an opulent altar of Gozag.
  1977 | D:3      | Reached XP level 4. HP: 21/21 MP: 4/9
  2002 | D:3      | Learned a level 3 spell: Dazzling Spray
  2157 | D:3      | Noticed a centaur
  2166 | D:3      | HP: 1/21 [centaur (6)]
  2166 | D:3      | Slain by a centaur

Action                   |  1- 3 |  4- 6 || total
-------------------------+-------+-------++-------
Melee: Dagger            |   146 |     8 ||   154
 Cast: Ensorcelled Hiber |     6 |     1 ||     7
  Use: Scroll            |     4 |     2 ||     6
 Stab: Sleeping          |    13 |     2 ||    15
       Distracted        |     1 |       ||     1
